MLB
KANSAS CITY ROYALS @ CALIFORNIA ANGELS
03/18/2047
 
TOP OF THE 1ST
Kansas City Royals batting - Pitching for California Angels : LHP Steve Taylor
Pitching: LHP Steve Taylor
Batting: RHB Imbart Faber 0-0: Ball
1-0: SINGLE (Groundball, 6M, EV 104.4 MPH) (infield hit)
Batting: LHB Roman Downey 0-0: Ball
1-0: Called Strike
1-1: Ball
2-1: Swinging Strike
2-2: Ball
3-2: Foul Ball, location: 2F
3-2: SINGLE (Flyball, 3D, EV 91.2 MPH)
Imbart Faber to second
Imbart Faber to third
Batting: LHB Mike Meyerhoff 0-0: Foul Ball, location: 2F
0-1: Ball
1-1: Swinging Strike
1-2: Grounds into double play, 5-4-3 (Groundball, 56, EV 98.1 MPH)
Imbart Faber scores
Batting: RHB Mike Jaquez 0-0: Ball
1-0: Ball
2-0: Ball
3-0: Base on Balls
Batting: SHB Gil Switzer 0-0: Ball
1-0: Foul Ball, location: 2F
1-1: Ball
2-1: Swinging Strike
2-2: Ball
Mike Jaquez is caught stealing 2nd base 2-4
Top of the 1st over - 1 run, 2 hits, 0 errors, 0 left on base; Kansas City 1 - California 0
BOTTOM OF THE 1ST
California Angels batting - Pitching for Kansas City Royals : RHP Chris Irvin
Pitching: RHP Chris Irvin
Batting: RHB Bjoern Waltersson 0-0: Called Strike
0-1: Fly out, F7 (Flyball, 7, EV 84.4 MPH)
Batting: RHB Nick Dunn 0-0: Swinging Strike
0-1: Ball
1-1: SINGLE (Flyball, 34D, EV 92.5 MPH)
Batting: RHB Alain Delhaye 0-0: Fielders Choice at 2nd, 5-4 (Groundball, 56S, EV 84.4 MPH)
Batting: LHB Micah Miller 0-0: Ball
1-0: Foul Ball, location: 2F
1-1: Ball
2-1: SINGLE (Groundball, 34D, EV 94.4 MPH)
Alain Delhaye to second
Runner from 2nd tries for 3rd, SAFE, throw by RF made to third
Batting: RHB Jasper Burd 0-0: Called Strike
0-1: Foul Ball, location: 2F
0-2: Ball
1-2: Ball
2-2: Ball
3-2: Fly out, F8 (Flyball, 8RM, EV 90.0 MPH)
Bottom of the 1st over - 0 runs, 2 hits, 0 errors, 2 left on base; Kansas City 1 - California 0
TOP OF THE 2ND
Kansas City Royals batting - Pitching for California Angels : LHP Steve Taylor
Batting: SHB Gil Switzer 0-0: Called Strike
0-1: Ball
1-1: Foul Ball, location: 2F
1-2: Ball
2-2: Foul Ball, location: 2F
2-2: Foul Ball, location: 2F
2-2: Foul Ball, location: 2F
2-2: Ball
3-2: Ground out 4-3 (Groundball, 4, EV 90.0 MPH)
Batting: RHB Adam Martin 0-0: Ball
1-0: Called Strike
1-1: Foul Ball, location: 2F
1-2: Ball
2-2: Strikes out swinging
Batting: RHB Bob Najar 0-0: Ball
1-0: Foul Ball, location: 2F
1-1: Ball
2-1: Foul Ball, location: 2F
2-2: Foul Ball, location: 2F
2-2: Foul Ball, location: 2F
2-2: Ground out 1-3 (Groundball, 15S, EV 70.0 MPH)
Top of the 2nd over - 0 runs, 0 hits, 0 errors, 0 left on base; Kansas City 1 - California 0
BOTTOM OF THE 2ND
California Angels batting - Pitching for Kansas City Royals : RHP Chris Irvin
Batting: LHB Javier Trujillo 0-0: Ball
1-0: Ball
2-0: Ball
3-0: Ground out U3 (Groundball, 3, EV 90.0 MPH)
Batting: RHB Mike Harkins 0-0: TRIPLE (Groundball, 3L, EV 98.1 MPH)
Batting: RHB Luis Romero 0-0: SINGLE (Groundball, 6MD, EV 97.5 MPH)
Mike Harkins scores
Batting: SHB Johnny Stables 0-0: Ball
1-0: Ball
2-0: Called Strike
2-1: Foul Ball, location: 2F
2-2: Strikes out looking
Batting: RHB Bjoern Waltersson 0-0: Called Strike
0-1: Ball
1-1: Ball
2-1: SINGLE (Line Drive, 8LS, EV 86.2 MPH)
Luis Romero to second
Runner from 2nd tries for 3rd, SAFE, throw by CF made to third
Batting: RHB Nick Dunn 0-0: Ball
1-0: Foul Ball, location: 2F
1-1: Foul Ball, location: 2F
1-2: TRIPLE (Flyball, 89XD, EV 102.5 MPH)
Luis Romero scores
Bjoern Waltersson scores
Batting: RHB Alain Delhaye 0-0: Ball
1-0: SINGLE (Line Drive, 7S, EV 110.0 MPH)
Nick Dunn scores
Batting: LHB Micah Miller 0-0: Ball
1-0: Called Strike
1-1: Swinging Strike
1-2: Ball
2-2: Foul Ball, location: 2F
2-2: Strikes out looking
Bottom of the 2nd over - 4 runs, 5 hits, 0 errors, 1 left on base; Kansas City 1 - California 4
TOP OF THE 3RD
Kansas City Royals batting - Pitching for California Angels : LHP Steve Taylor
Batting: SHB Jose Pacheco 0-0: Ball
1-0: Ball
2-0: Ball
3-0: Called Strike
3-1: Foul Ball, location: 2F
3-2: Strikes out swinging
Batting: RHB Mikolas Markus 0-0: Ball
1-0: Ball
2-0: Ball
3-0: Called Strike
3-1: Called Strike
3-2: Strikes out swinging
Batting: RHB Imbart Faber 0-0: Called Strike
0-1: Called Strike
0-2: Strikes out swinging
Top of the 3rd over - 0 runs, 0 hits, 0 errors, 0 left on base; Kansas City 1 - California 4
BOTTOM OF THE 3RD
California Angels batting - Pitching for Kansas City Royals : RHP Chris Irvin
Batting: RHB Jasper Burd 0-0: Foul Ball, location: 2F
0-1: Ball
1-1: Ball
2-1: Ball
3-1: Base on Balls
Batting: LHB Javier Trujillo 0-0: Ball
1-0: Fielders Choice at 2nd, 3-6 (Groundball, 3, EV 97.5 MPH)
Batting: RHB Mike Harkins 0-0: SINGLE (Groundball, P, EV 86.9 MPH) (infield hit)
Javier Trujillo to second
Batting: RHB Luis Romero 0-0: Ball
1-0: Ball
2-0: Foul Ball, location: 2F
2-1: Foul Ball, location: 2F
2-2: Foul Ball, location: 2F
2-2: Strikes out looking
Batting: SHB Johnny Stables 0-0: Ball
1-0: 3-RUN HOME RUN (Line Drive, 89XD, EV 113.1 MPH), Distance : 424 ft
Pitching: RHP Brandon Ferrari
Batting: RHB Bjoern Waltersson 0-0: Fly out, F8 (Flyball, 8RD, EV 107.5 MPH)
Bottom of the 3rd over - 3 runs, 2 hits, 0 errors, 0 left on base; Kansas City 1 - California 7
TOP OF THE 4TH
Kansas City Royals batting - Pitching for California Angels : LHP Steve Taylor
Pitching: RHP Trece Hunter
Batting: LHB Roman Downey 0-0: Called Strike
0-1: Swinging Strike
0-2: Foul Ball, location: 2F
0-2: Strikes out swinging
Batting: LHB Mike Meyerhoff 0-0: Ball
1-0: Foul Ball, location: 2F
1-1: Swinging Strike
1-2: Ball
2-2: Ball
3-2: TRIPLE (Flyball, 89XD, EV 91.9 MPH)
Batting: RHB Mike Jaquez 0-0: Ball
1-0: Ball
2-0: Foul Ball, location: 2F
2-1: Ground out 6-3 (Groundball, 6, EV 108.1 MPH)
Mike Meyerhoff scores
Batting: SHB Gil Switzer 0-0: Foul Ball, location: 2F
0-1: Ball
1-1: Ball
2-1: SINGLE (Flyball, 5D, EV 91.9 MPH)
Batting: RHB Adam Martin 0-0: Ground out 1-3 (Groundball, 13S, EV 65.6 MPH)
Top of the 4th over - 1 run, 2 hits, 0 errors, 1 left on base; Kansas City 2 - California 7
BOTTOM OF THE 4TH
California Angels batting - Pitching for Kansas City Royals : RHP Brandon Ferrari
Pinch Hitting: RHB Avery Maxwell 0-0: Called Strike
0-1: Ball
1-1: Foul Ball, location: 2F
1-2: Fly out, F7 (Flyball, 7LS, EV 88.8 MPH)
Pinch Hitting: LHB Justin Alexander 0-0: Ground out 4-3 (Groundball, 4, EV 85.6 MPH)
Batting: LHB Micah Miller 0-0: Ball
1-0: Fly out, F5 (Popup, 25F, EV 83.8 MPH)
Bottom of the 4th over - 0 runs, 0 hits, 0 errors, 0 left on base; Kansas City 2 - California 7
TOP OF THE 5TH
Kansas City Royals batting - Pitching for California Angels : RHP Trece Hunter
Now at 2B: Avery Maxwell
Now in LF: Justin Alexander
Batting: RHB Bob Najar 0-0: SOLO HOME RUN (Flyball, 7D, EV 89.4 MPH) (Inside the Park)
Batting: SHB Jose Pacheco 0-0: Ball
1-0: Fly out, F9 (Flyball, 9, EV 97.5 MPH)
Batting: RHB Mikolas Markus 0-0: Called Strike
0-1: Ball
1-1: Swinging Strike
1-2: Strikes out looking
Pinch Hitting: RHB Yuichi Takata 0-0: Ball
1-0: Ball
2-0: Foul Ball, location: 2F
2-1: Ball
3-1: Base on Balls
Batting: LHB Roman Downey
Pinch Hitting: LHB Bill Baconneck 0-0: Ball
1-0: Ball
2-0: Foul Ball, location: 2F
2-1: Fly out, F3 (Line Drive, 4, EV 68.1 MPH)
Top of the 5th over - 1 run, 1 hit, 0 errors, 1 left on base; Kansas City 3 - California 7
BOTTOM OF THE 5TH
California Angels batting - Pitching for Kansas City Royals : RHP Brandon Ferrari
Pitching: RHP Joe Noonan
Now at C: Sam Britt
Now at 2B: Jose Pacheco
Now at SS: Yuichi Takata
Now in LF: Bill Baconneck
Now in RF: Gil Switzer
Batting: RHB Jasper Burd 0-0: Called Strike
0-1: Ball
1-1: Foul Ball, location: 2F
1-2: Ball
2-2: Strikes out looking
Batting: LHB Javier Trujillo 0-0: Foul Ball, location: 2F
0-1: SINGLE (Line Drive, 9S, EV 96.2 MPH)
Batting: RHB Preston Deakyne 0-0: Called Strike
0-1: Swinging Strike
0-2: Fly out, F9 (Flyball, 9S, EV 91.9 MPH)
Batting: RHB Luis Romero 0-0: Called Strike
0-1: Foul Ball, location: 2F
0-2: Ball
1-2: Strikes out looking
Bottom of the 5th over - 0 runs, 1 hit, 0 errors, 1 left on base; Kansas City 3 - California 7
TOP OF THE 6TH
Kansas City Royals batting - Pitching for California Angels : RHP Trece Hunter
Pitching: RHP Shane Woods
Batting: LHB Sam Britt 0-0: Ball
1-0: Ball
2-0: Ball
3-0: Called Strike
3-1: Ground out 4-3 (Groundball, 4, EV 103.8 MPH)
Batting: LHB Zion Davidson 0-0: Ball
1-0: Ball
2-0: Ball
3-0: Called Strike
3-1: Called Strike
3-2: Base on Balls
Batting: SHB Gil Switzer 0-0: Fly out, F8 (Flyball, 8LD, EV 91.9 MPH)
Pinch Hitting: LHB Manny Estrada 0-0: Ball
1-0: Fly out, F8 (Flyball, 8LM, EV 95.6 MPH)
Top of the 6th over - 0 runs, 0 hits, 0 errors, 1 left on base; Kansas City 3 - California 7
BOTTOM OF THE 6TH
California Angels batting - Pitching for Kansas City Royals : RHP Joe Noonan
Pitching: RHP Tom Jensen
Now at 1B: Manny Estrada
Batting: SHB Johnny Stables 0-0: Called Strike
0-1: Ground out 6-3 (Groundball, 4, EV 88.1 MPH)
Pinch Hitting: LHB Rusty Ney 0-0: Ball
1-0: Foul Ball, location: 2F
1-1: Ball
2-1: Ball
3-1: DOUBLE (Line Drive, 78D, EV 101.2 MPH)
Batting: RHB Avery Maxwell 0-0: Ball
1-0: Ground out 5-3 (Groundball, 5L, EV 81.9 MPH)
Batting: LHB Justin Alexander 0-0: Called Strike
0-1: Foul Ball, location: 2F
0-2: Ball
1-2: Ball
2-2: Foul Ball, location: 2F
2-2: Fly out, F8 (Flyball, 8LXD, EV 91.2 MPH)
Bottom of the 6th over - 0 runs, 1 hit, 0 errors, 1 left on base; Kansas City 3 - California 7
TOP OF THE 7TH
Kansas City Royals batting - Pitching for California Angels : RHP Shane Woods
Now in CF: Rusty Ney
Batting: RHB Bob Najar 0-0: Ball
1-0: Called Strike
1-1: Foul Ball, location: 2F
1-2: Strikes out swinging
Batting: SHB Jose Pacheco 0-0: Ball
1-0: Foul Ball, location: 2F
1-1: Ball
2-1: Ball
3-1: Swinging Strike
3-2: SINGLE (Flyball, 8RS, EV 98.8 MPH)
Batting: RHB Mikolas Markus 0-0: Called Strike
0-1: Ball
1-1: Grounds into double play, 4-6-3 (Groundball, 4, EV 84.4 MPH)
Top of the 7th over - 0 runs, 1 hit, 0 errors, 0 left on base; Kansas City 3 - California 7
BOTTOM OF THE 7TH
California Angels batting - Pitching for Kansas City Royals : RHP Tom Jensen
Pitching: LHP Chris Eaker
Pinch Hitting: SHB Mario Padron 0-0: Called Strike
0-1: SINGLE (Line Drive, 9LS, EV 106.2 MPH)
Batting: RHB Jasper Burd 0-0: Grounds into double play, 4-6-3 (Groundball, 4D, EV 102.5 MPH)
Batting: LHB Javier Trujillo 0-0: Called Strike
0-1: Ball
1-1: Foul Ball, location: 2F
1-2: Fly out, F7 (Flyball, 7S, EV 88.1 MPH)
Bottom of the 7th over - 0 runs, 1 hit, 0 errors, 0 left on base; Kansas City 3 - California 7
TOP OF THE 8TH
Kansas City Royals batting - Pitching for California Angels : RHP Shane Woods
Pitching: RHP Ricky Castillo
Now in RF: Mario Padron
Batting: RHB Yuichi Takata 0-0: Foul Ball, location: 2F
0-1: Ball
1-1: Ball
2-1: Ground out 6-3 (Groundball, 6S, EV 81.2 MPH)
Batting: LHB Bill Baconneck 0-0: Called Strike
0-1: Foul Ball, location: 2F
0-2: Ball
1-2: Strikes out looking
Batting: LHB Sam Britt 0-0: Ball
1-0: Ball
2-0: Called Strike
2-1: Fly out, F8 (Flyball, 8RXD, EV 105.6 MPH)
Top of the 8th over - 0 runs, 0 hits, 0 errors, 0 left on base; Kansas City 3 - California 7
BOTTOM OF THE 8TH
California Angels batting - Pitching for Kansas City Royals : LHP Chris Eaker
Batting: RHB Preston Deakyne 0-0: Called Strike
0-1: Ball
1-1: Foul Ball, location: 2F
1-2: Ball
2-2: Fly out, F9 (Flyball, 9, EV 97.5 MPH)
Batting: RHB Luis Romero 0-0: Swinging Strike
0-1: Ball
1-1: Called Strike
1-2: Foul Ball, location: 2F
1-2: Strikes out swinging
Batting: SHB Johnny Stables 0-0: Ground out 6-3 (Groundball, 56, EV 86.2 MPH)
Bottom of the 8th over - 0 runs, 0 hits, 0 errors, 0 left on base; Kansas City 3 - California 7
TOP OF THE 9TH
Kansas City Royals batting - Pitching for California Angels : RHP Ricky Castillo
Pitching: RHP Oscar Andrade
Batting: LHB Zion Davidson 0-0: Called Strike
0-1: Foul Ball, location: 2F
0-2: Foul Ball, location: 2F
0-2: Strikes out swinging
Batting: SHB Gil Switzer 0-0: Called Strike
0-1: Foul Ball, location: 2F
0-2: Foul Ball, location: 2F
0-2: Strikes out swinging
Batting: LHB Manny Estrada 0-0: Ball
1-0: Fly out, F9 (Flyball, 89S, EV 80.0 MPH)
Top of the 9th over - 0 runs, 0 hits, 0 errors, 0 left on base; Kansas City 3 - California 7
Thursday, December 15th , 2022 - OOTP Baseball 23.9 Build 102